 Dungeon Crawl Stone Soup version 0.28.0-45-g0d030f2227 (webtiles) character file.

Game seed: 6254803448838679071

10506 croobank the Blocker (level 11, 0/102 HPs)
             Began as a Minotaur Fighter on Apr 16, 2022.
             Was a Priest of Okawaru.
             Slain by Snorg (2 damage)
             ... on level 10 of the Dungeon.
             The game lasted 00:37:21 (11619 turns).

croobank the Blocker (Minotaur Fighter)            Turns: 11619, Time: 00:37:21

Health: 0/102      AC: 19    Str: 25    XL:     11   Next: 37%
Magic:  9/13       EV:  7    Int:  5    God:    Okawaru [***...]
Gold:   426        SH:  7    Dex: 10    Spells: 10/10 levels left

rFire   . . .      SeeInvis .   a - +2 war axe
rCold   . . .      Faith    .   c - +1 buckler
rNeg    . . .      Spirit   .   k - +3 plate armour
rPois   .          Reflect  .   (helmet restricted)
rElec   .          Harm     .   (no cloak)
rCorr   .          Rampage  .   g - +0 pair of gloves
Will    .....                   (no boots)
Stlth   ..........              (no amulet)
HPRegen 0.27/turn               e - ring of flight
MPRegen 0.13/turn               (no ring)

@: finesse-ful, flying, studying Short Blades
A: horns 2, retaliatory headbutt
a: Renounce Religion, Heroism


You were on level 10 of the Dungeon.
You worshipped Okawaru.
Okawaru was most pleased with you.
You visited 2 branches of the dungeon, and saw 11 of its levels.

You collected 426 gold pieces.

Inventory:

Hand Weapons
 a - a +2 war axe (weapon)
 b - a +0 hunting sling
 f - a +2 short sword of speed
 m - a +6 whip
 x - a +0 dire flail
 E - a +4 falchion of freezing
 F - a +4 flail of freezing
Missiles
 d - 5 javelins
 h - 225 stones
 j - 189 arrows
 l - 82 bolts
 o - 45 poisoned darts
 s - 4 boomerangs
 y - 23 sling bullets
 z - an atropa-tipped dart (quivered)
Armour
 c - a +1 buckler (worn)
 g - a +0 pair of gloves (worn)
 k - a +3 plate armour (worn)
 G - a +0 hat
Jewellery
 e - a ring of flight (left hand)
 t - a ring of wizardry
Wands
 n - a wand of flame (5)
 u - a wand of polymorph (13)
 w - a wand of mindburst (15)
 C - a wand of iceblast (40)
Scrolls
 q - 3 scrolls of immolation
 r - 2 scrolls of magic mapping
 A - a scroll of holy word
 D - a scroll of teleportation
 H - a scroll of amnesia
 I - a scroll of fog
Potions
 v - 2 potions of invisibility
 B - 2 potions of lignification


   Skills:
 + Level 11.0 Fighting
 + Level 10.7 Axes
 + Level 11.0 Armour
 + Level 11.1 Shields
 + Level 4.5 Invocations


You had 10 spell levels left.
You didn't know any spells.
Your spell library contained the following spells:

 Spells                   Type           Power      Damage    Failure   Level
 Necromutation            Tmut/Necr      0%         N/A       100%        8
 Animate Skeleton         Necr           Unusable   N/A       N/A         1
 Summon Small Mammal      Summ           Unusable   N/A       N/A         1
 Call Canine Familiar     Summ           Unusable   N/A       N/A         3
 Summon Guardian Golem    Hex/Summ       Unusable   N/A       N/A         3
 Death Channel            Necr           Unusable   N/A       N/A         6

Dungeon Overview and Level Annotations

Branches:
Dungeon (10/15)            Temple (1/1) D:7            Lair (0/6) D:10
    Orc: D:9-12

Altars:
Cheibriados
Dithmenos
Makhleb
Okawaru
Qazlal
Sif Muna
Vehumet
Wu Jian
Xom
Yredelemnul
Zin

Shops:
D:5 :   D:7 [

Annotations:
D:7 2 transporters, ChongLi's ghost, novice DjCK
D:10 Snorg


Innate Abilities, Weirdness & Mutations

You have a pair of horns on your head.
You reflexively headbutt those who attack you in melee.


Message History

You slash Snorg! Your headbutt misses Snorg.
Snorg is lightly wounded.
You block Snorg's attack. Snorg claws you. x2
You closely miss Snorg. You headbutt Snorg!
Snorg is moderately wounded.
You barely miss Snorg. You headbutt Snorg!
Snorg is moderately wounded.
Snorg goes berserk!
You slash Snorg! Your headbutt misses Snorg.
Snorg is heavily wounded.
Snorg bites you. Snorg claws you! Snorg claws you.
You closely miss Snorg.
Snorg is heavily wounded.
You slash Snorg! Your headbutt misses Snorg.
Snorg is heavily wounded.
Snorg bites you!! You block Snorg's attack. Snorg claws you but does no damage.
You closely miss Snorg.
Snorg is heavily wounded.
Snorg bites you! Snorg claws you! You block Snorg's attack.
You slice Snorg!! Your headbutt misses Snorg.
Snorg is severely wounded.
You completely miss Snorg.
Snorg is severely wounded.
Snorg barely misses you. You furiously retaliate!
You headbutt Snorg! Snorg claws you!
* * * LOW HITPOINT WARNING * * *
Snorg claws you but does no damage.
You slice Snorg!!
Snorg is almost dead.
Snorg bites you.
* * * LOW HITPOINT WARNING * * *
Snorg claws you!
* * * LOW HITPOINT WARNING * * *
Snorg closely misses you.
You hit Snorg but do no damage.
Snorg is almost dead.
Snorg bites you.
* * * LOW HITPOINT WARNING * * *
Snorg claws you.
You die...

## ### .# #.. ###.### #
#.# ## ...... ....###/###
... ##..# (.....T@..# .^^^
##..#### ##..###.#.##..^_^
.......####............^^.
##..#.... .......#.##.....
##..#..####...##.#.# ....
##..#..........#.#.# ...
.................#.# .#
##..#.####.....#.#.## #
##............##....#


You could see Snorg (berserk).

Vanquished Creatures
  2 two-headed ogres
  An ugly thing (D:10)
  An unseen horror (D:7)
  A troll (D:9)
  Grinder (D:3)
  A wraith (D:9)
  Eustachio (D:5)
  13 yaks
  3 steam dragons
  3 water moccasins
  3 black bears
  3 ice beasts
  A necrophage (D:5)
  2 orc warriors
  A sky beast (D:7)
  2 ogres
  5 centaurs
  3 kobold brigands
  4 bullfrogs
  A wyvern zombie (D:7)
  A gnoll sergeant (D:6)
  A water moccasin zombie (D:7)
  3 scorpions
  2 wyvern skeletons
  12 killer bees
  15 wights
  A howler monkey (D:6)
  A bullfrog zombie (D:6)
  3 hounds
  7 centaur zombies
  2 jellies (D:5)
  A gnoll shaman (D:5)
  A bullfrog skeleton (D:5)
  A centaur skeleton (D:7)
  3 orc priests
  2 iguanas
  2 orc wizards
  2 howler monkey zombies
  An adder (D:5)
  12 gnolls
  A howler monkey skeleton (D:6)
  2 shadow imps
  A white imp (D:8)
  An ufetubus (D:6)
  A worm (D:5)
  A dart slug (D:1)
  18 orcs
  6 bats
  5 endoplasms
  3 giant cockroaches
  7 goblins
  7 hobgoblins
  10 jackals
  4 quokkas
  7 ball pythons
  5 frilled lizards
  18 kobolds
  3 rats (D:1)
225 creatures vanquished.

Vanquished Creatures (others)
  3 plants (D:10)
3 creatures vanquished.

Grand Total: 228 creatures vanquished

Notes
Turn   | Place    | Note
-------+----------+-------------------------------------------
     0 | D:1      | croobank the Minotaur Fighter began the quest for the Orb.
     0 | D:1      | Reached XP level 1. HP: 19/19 MP: 0/0
   172 | D:1      | Reached XP level 2. HP: 27/27 MP: 1/1
   712 | D:1      | Reached XP level 3. HP: 33/33 MP: 2/2
   981 | D:2      | Found a faded altar of an unknown god.
  1627 | D:2      | Reached XP level 4. HP: 41/41 MP: 3/3
  1864 | D:3      | Noticed Grinder
  1869 | D:3      | Killed Grinder
  1870 | D:3      | Reached skill level 5 in Fighting
  1870 | D:3      | Reached skill level 5 in Armour
  1870 | D:3      | Reached skill level 5 in Shields
  1870 | D:3      | Reached XP level 5. HP: 21/48 MP: 4/4
  1870 | D:3      | Reached XP level 6. HP: 24/56 MP: 5/5
  3126 | D:4      | You are sucked into a shaft and drop 1 floor!
  3126 | D:5      | Entered Level 5 of the Dungeon
  3457 | D:5      | Found Ohag's Book Shoppe.
  3533 | D:5      | Noticed a steam dragon
  3549 | D:5      | HP: 2/57 [steam dragon (4)]
  3550 | D:5      | Killed a steam dragon
  3551 | D:5      | Reached skill level 5 in Axes
  3551 | D:5      | Reached XP level 7. HP: 2/62 MP: 6/6
  4767 | D:5      | Noticed Eustachio
  4799 | D:5      | Killed Eustachio
  4947 | D:5      | Reached XP level 8. HP: 71/71 MP: 7/7
  6354 | D:7      | Reached XP level 9. HP: 64/81 MP: 8/8
  7275 | D:7      | Found a radiant altar of Vehumet.
  7509 | D:7      | Noticed ChongLi's ghost (novice DjCK)
  7527 | D:7      | Found a transporter.
  7546 | D:7      | Found a transporter.
  7695 | D:7      | Got Gloorx Vloq's Almanac of Evil
  7821 | D:7      | HP: 2/83 [something (6)]
  7823 | D:7      | Killed an unseen horror
  7824 | D:7      | Reached XP level 10. HP: 3/91 MP: 9/9
  8297 | D:7      | Found Hiepseiv's Antique Armour Shoppe.
  8469 | D:7      | Found a staircase to the Ecumenical Temple.
  8580 | Temple   | Entered the Ecumenical Temple
  8618 | Temple   | Became a worshipper of Warmaster Okawaru
  8892 | D:8      | Found a glowing silver altar of Zin.
  9007 | D:8      | Noticed a two-headed ogre
  9016 | D:8      | Killed a two-headed ogre
  9017 | D:8      | Reached skill level 1 in Invocations
  9508 | D:8      | Found an ornate altar of the Wu Jian Council.
  9514 | D:8      | Reached * piety under Okawaru
  9523 | D:8      | Reached skill level 10 in Armour
  9523 | D:8      | Reached skill level 10 in Shields
  9678 | D:8      | Reached skill level 10 in Fighting
 10243 | D:9      | Reached ** piety under Okawaru
 10263 | D:9      | Reached skill level 10 in Axes
 10622 | D:9      | Reached XP level 11. HP: 89/98 MP: 12/12
 10625 | D:9      | Reached *** piety under Okawaru
 10880 | D:10     | Entered Level 10 of the Dungeon
 10967 | D:10     | Found a staircase to the Lair.
 11009 | D:10     | Noticed a two-headed ogre
 11016 | D:10     | Killed a two-headed ogre
 11026 | D:10     | Noticed a cyan ugly thing
 11051 | D:10     | Killed a cyan ugly thing
 11402 | D:10     | Reached **** piety under Okawaru
 11586 | D:10     | Found a shimmering altar of Xom.
 11602 | D:10     | Noticed Snorg
 11619 | D:10     | HP: 2/102 [Snorg (4)]
 11619 | D:10     | Slain by Snorg

Illustrated notes

Levels and vault maps discovered:
D:1:      erik_arrival_blinker_ship, layout_basic, serial_park_tiny_pond
D:2:      layout_basic, dreamdust_ecumenical_altar_statues
D:3:      layout_basic, uniq_grinder
D:4:      layout_cave_pools, nicolae_elevator_lobby_asterisk
D:5:      layout_loops_corners, nicolae_take_the_stairs, uniq_eustachio
D:6:      layout_rooms
D:7:      minmay_s_stair_smasher, layout_basic, nicolae_vehumet_altar_sigil,
          minmay_temple_entry_statues, enter_bailey_3,
          gammafunk_ghost_stat_death, serial_shops, shop,
          hangedman_minor_gate_pass
D:8:      layout_gridville, general_overflow_altar,
          mainiacjoe_overflow_tiny_flanked, serial_glass, glass_columns_a,
          glass_columns_a
D:9:      layout_roguey
D:10:     layout_loops_ring, xom_teletrap_fun,
          gammafunk_temple_overflow_forgotten, lair_entry_dummy,
          lightli_corner_chamber, uniq_snorg
Temple:   regret_index_temple_waves

Skill      XL: |  1  2  3  4  5  6  7  8  9 10 11 |
---------------+----------------------------------+-----
Fighting       | 4 5 6 7 9 10 11 | 11.0
Armour         | 4 5 6 7 9 10 11 | 11.0
Shields        | 4 5 6 8 9 10 11 | 11.1
Axes           | 3 4 5 6 7 9 10 | 10.7
Invocations    | 3 4 |  4.5

Action                   |  1- 3 |  4- 6 |  7- 9 | 10-12 || total
-------------------------+-------+-------+-------+-------++-------
Melee: War axe           |   101 |    65 |   262 |   266 ||   694
       Headbutt          |    14 |    12 |    44 |    62 ||   132
 Fire: Hunting sling     |       |     5 |    14 |       ||    19
Throw: Dart              |       |       |       |     6 ||     6
Invok: Heroism           |       |       |       |     1 ||     1
       Finesse           |       |       |       |     1 ||     1
Evoke: Wand              |       |     2 |     2 |     2 ||     6
  Use: Scroll            |     2 |     9 |    10 |     4 ||    25
       Potion            |       |     3 |    10 |     2 ||    15
 Stab: Invisible         |       |       |     2 |       ||     2
Armor: Scale mail        |    47 |    27 |    68 |       ||   142
       Plate armour      |       |       |   150 |   170 ||   320
Dodge: Dodged            |    60 |    33 |   122 |   107 ||   322
Block: Buckler           |    25 |    27 |   107 |   112 ||   271
